 Dungeon Crawl Stone Soup version 0.20.1-1-g8b1a95d (webtiles) character file.

150920 equalderp2856 the Severer (level 16, -7/151 HPs)
             Began as a Minotaur Fighter on July 26, 2017.
             Mangled by a jumping spider (11 damage)
             ... on level 4 of the Spider Nest on July 27, 2017.
             The game lasted 03:37:08 (51260 turns).

equalderp2856 the Severer (Minotaur Fighter)       Turns: 51260, Time: 03:37:11

Health: -7/151     AC: 22    Str: 26    XL:     16   Next: 99%
Magic:  0/20       EV: 14    Int:  7    God:
Gold:   3653       SH: 15    Dex: 14    Spells: 11/22 levels left

rFire    . . .     SeeInvis .   w - +3 war axe
rCold    . . .     Gourm    .   c - +0 shield
rNeg     . . .     Faith    .   L - +3 chain mail
rPois    .         Spirit   +   o - +1 hat
rElec    .         Reflect  .   m - +1 cloak
rCorr    .         Harm     .   (no gloves)
MR       +....                  A - +1 pair of boots
Stlth    ..........             W - amulet of guardian spirit
Regen    0.4/turn               S - +4 ring of strength
MPRegen  0.2/turn               (no ring)

@: lethally poisoned (-7 -> -37), slowed, very slow
A: retaliatory headbutt, horns 2
a: no special abilities


You were on level 4 of the Spider Nest.
You were hungry.

You visited 4 branches of the dungeon, and saw 27 of its levels.
You also visited: Sewer and Bailey.

You collected 3653 gold pieces.

Inventory:

Hand Weapons
 w - a +3 war axe (weapon)
 z - a +5 shortbow
 F - a +4 glaive of protection
 P - a +0 trident
 Q - a +1 battleaxe
 X - a +0 war axe of flaming
Missiles
 q - 437 arrows
Armour
 c - a +0 shield (worn)
 h - a +0 plate armour
 m - a +1 cloak (worn)
 o - a +1 hat (worn)
 A - a +1 pair of boots (worn)
 G - the -2 hat of the Alchemist {rElec rPois rF+ rC+ rN+ MR+ rMut rCorr}
   (You found it on level 1 of the Lair of Beasts)

   It protects you from fire.
   It protects you from cold.
   It insulates you from electricity.
   It protects you from poison.
   It protects you from negative energy.
   It affects your resistance to hostile enchantments.
   It protects you from acid and corrosion.
   It protects you from mutation.
 L - a +3 chain mail (worn)
 U - a +2 robe of positive energy
Jewellery
 k - an uncursed amulet of rage
 u - an uncursed ring of fire {unknown}
 v - an uncursed ring of poison resistance {unknown}
 B - a +4 ring of dexterity
 C - an uncursed amulet of regeneration
 J - an uncursed ring of magical power
 N - a +3 ring of evasion
 S - a +4 ring of strength (left hand)
 W - an amulet of guardian spirit (around neck)
Wands
 n - a wand of polymorph (9/24)
 K - a wand of clouds (0/9)
 M - a wand of confusion (20/48)
 V - a wand of disintegration (17/24)
Scrolls
 g - 17 scrolls of remove curse
 s - 7 scrolls of immolation
 x - 9 scrolls of identify
 y - 2 scrolls of fear
 D - a scroll of enchant armour
 I - 2 scrolls of holy word
 R - 2 scrolls of teleportation
Potions
 a - a potion of flight
 d - 3 potions of might
 e - 3 potions of invisibility
 j - 14 potions of curing
 l - 4 potions of haste
 p - a potion of heal wounds
 r - 2 potions of lignification
 H - 4 potions of agility
 Z - 2 potions of ambrosia
Books
 t - a book of Callings

   Spells                             Type                      Level
   a - Summon Small Mammal            Summoning                    1
   b - Call Imp                       Summoning                    2
   c - Call Canine Familiar           Summoning                    3
   d - Summon Guardian Golem          Hexes/Summoning              3
   e - Summon Lightning Spire         Summoning/Air                4
   f - Summon Ice Beast               Ice/Summoning                4
 E - a book of Maledictions

   Spells                             Type                      Level
   a - Corona                         Hexes                        1
   b - Ensorcelled Hibernation        Hexes/Ice                    2
   c - Confuse                        Hexes                        3
   d - Tukima's Dance                 Hexes                        3
   e - Dazzling Spray                 Conjuration/Hexes            3
 O - a book of Spatial Translocations

   Spells                             Type                      Level
   a - Blink                          Translocation                2
   b - Shroud of Golubria             Charms/Translocation         2
   c - Lesser Beckoning               Translocation                3
   d - Gell's Gravitas                Translocation                3
   e - Teleport Other                 Translocation                3
   f - Passage of Golubria            Translocation                4
Miscellaneous
 T - a lightning rod (4/4)
Comestibles
 b - 16 royal jellies
 f - 20 bread rations
 i - 12 meat rations


   Skills:
 + Level 16.2 Fighting
 + Level 18.3 Axes
 + Level 1.0(12.4) Polearms
 + Level 3.0 Bows
 + Level 14.0 Armour
 + Level 8.9 Dodging
 + Level 3.1 Stealth
 + Level 17.4 Shields
 * Level 3.5 Spellcasting
 * Level 2.7 Hexes
 * Level 2.5 Charms
 * Level 2.7 Translocations
 + Level 1.1 Evocations


You had 11 spell levels left.
You knew the following spells:

 Your Spells              Type           Power        Failure   Level  Hunger
a - Blink                 Tloc           N/A          52%         2    ###....
b - Slow                  Hex            #.......     52%         2    ###....
c - Confusing Touch       Hex            #.....       38%         1    ##.....
d - Shroud of Golubria    Chrm/Tloc      #.........   54%         2    ###....
e - Corona                Hex            #......      38%         1    ##.....
f - Confuse               Hex            #.......     77%         3    ####...


Dungeon Overview and Level Annotations

Branches:
Dungeon (15/15)            Temple (0/1) D:7            Lair (6/6) D:11
  Swamp (0/4) Lair:4       Spider (4/4) Lair:2        Slime (0/5) Lair:6
    Orc (2/2) D:11            Elf (0/3) Orc:2        Vaults (0/5) D:13
 Depths (0/5) D:15

Altars:
Dithmenos
Gozag
Nemelex Xobeh
Qazlal
Sif Muna
Uskayaw
Zin
Beogh
Jiyva

Shops:
D:11 %   D:12 [   Orc:1 :   Orc:2 }[[!

Portals:
Ice
Cave: Spider:4

Annotations:
Spider:3 1 exclusion
Spider:4 Arachne


Innate Abilities, Weirdness & Mutations

You reflexively headbutt those who attack you in melee.
You have a pair of horns on your head.


Message History

* * * LOW HITPOINT WARNING * * *
You feel very sick. You block the jumping spider's attack.
The jumping spider bites you but does no damage.
The jumping spider leaps!
The jumping spider pounces on you.
* * * LOW HITPOINT WARNING * * *
You block the jumping spider's attack. The freezing wraith hits you!
* * * LOW HITPOINT WARNING * * *
The freezing wraith freezes you!
* * * LOW HITPOINT WARNING * * *
You block the freezing wraith's attack.
Arachne hits you with a staff of poison.
* * * LOW HITPOINT WARNING * * *
You are more poisoned.
The jumping spider pounces on you but does no damage.
The jumping spider bites you but does no damage.
The jumping spider leaps!
The jumping spider barely misses you. x2
The freezing wraith hits you but does no damage. x2
The jumping spider pounces on you!
You die...

####.# ##
##..#.###..^#
#....^'.WW..∩ .
#....W# ... ##^...#
.§..
#.....######^....
#..#.......§...§...
## #.#...WW#.s.....
...#.#.H@s..§...#
...#.....s.s....#..
#..§.#....#..<#..$.
....?§....^........
..#....#....#.$....
. #................
...#..#.....#...
#....#. ... ...


You could see Arachne, a wolf spider, 2 freezing wraiths and 3 jumping spiders.

Vanquished Creatures
  Agnes (Spider:1)
  Kirke (D:14)
  An entropy weaver (Lair:2)
  The ghost of Frank the Fighter, a journeyman OpMo of Ru (Orc:1)
  2 spark wasps (Spider:3)
  A dire elephant (Lair:1)
  A yaktaur captain (D:15)
  Snorg (Lair:4)
  Erolcha (Orc:2)
  The ghost of Wacky444 the Carver, a journeyman MiAK of Lugonu (Orc:1)
  A merfolk avatar (Lair:6)
  3 hydras
  An ogre mage (D:13)
  5 centaur warriors
  7 two-headed ogres
  A death knight (D:15)
  10 death yaks
  The ghost of p0werm0de the Fighter, a novice DsFi of Uskayaw (Bailey)
  2 tengu warriors (D:12)
  4 orc high priests
  A skeletal warrior (D:15)
  4 unseen horrors
  2 sea snakes (Lair:6)
  A deep elf archer (D:13)
  A phantasmal warrior (D:15)
  A shambling mangrove (Lair:1)
  A lindwurm (Lair:3)
  10 orb spiders
  15 wolf spiders
  8 orc knights
  8 ugly things
  A wolf spider zombie (D:14)
  6 orc sorcerers
  4 oklob plants
  4 deep elf magi
  The ghost of SmokeFace the Cudgeler, a novice GrFi of Okawaru (D:6)
  4 cyclopes
  8 elephants (Lair:6)
  7 manticores
  2 moths of wrath
  5 black mambas
  2 torpor snails
  18 spiny frogs
  18 rime drakes
  2 efreet (D:15)
  8 komodo dragons
  6 yaktaurs
  A kobold demonologist (D:14)
  A freezing wraith (D:14)
  A queen bee (Lair:1)
  10 demonic crawlers
  25 jumping spiders
  2 wind drakes (Lair:6)
  4 meliai
  7 trolls
  8 hornets
  8 polar bears
  A dream sheep (shapeshifter) (D:13)
  6 slime creatures (D:14)
  10 dream sheep
  19 blink frogs
  A spriggan (D:9)
  16 hippogriffs
  A vampire (D:15)
  17 tarantellas
  59 redbacks
  18 wyverns
  A wraith (D:15)
  Eustachio (D:7)
  46 yaks
  11 basilisks
  2 hogs (D:14)
  5 hungry ghosts
  3 wargs
  3 vampire mosquitoes (D:15)
  19 water moccasins
  3 hell hounds
  An acid dragon (D:15)
  2 soldier ants (D:12)
  40 orc warriors
  4 ice beasts
  17 porcupines
  A swamp drake (D:11)
  5 sky beasts
  7 ogres
  A necrophage (D:11)
  6 wolves
  3 phantoms
  21 crocodiles
  7 centaurs
  4 big kobolds
  13 bullfrogs
  5 scorpions
  23 killer bees (Lair:1)
  2 howler monkeys
  An electric eel (Lair:4)
  6 jellies
  3 centaur zombies
  11 hounds
  30 orc wizards
  19 orc priests
  4 centaur skeletons
  A bullfrog skeleton (D:11)
  7 iguanas
  8 worker ants
  A worker ant zombie (D:11)
  Robin (D:3)
  16 adders
  8 gnolls
  2 howler monkey skeletons
  3 river rats (Sewer)
  5 shadow imps
  2 white imps (D:8)
  An ufetubus (D:8)
  4 worms
  4 dart slugs
  6 leopard geckos
  80 orcs
  8 giant cockroaches
  13 hobgoblins
  11 jackals
  33 kobolds
  4 quokkas
  3 ball pythons (Sewer)
  5 bats
  2 frilled lizards
  22 goblins
  A jackal skeleton (D:4)
  A quokka skeleton (D:5)
  30 rats
  A bush (D:11)
  6 fungi
  3 plants
1031 creatures vanquished.

Vanquished Creatures (others)
  2 meliai (D:12)
  A hippogriff (D:12)
  5 humans (D:15)
  A water elemental (D:12)
  A boggart (D:13)
  An electric eel (D:12)
  A crimson imp (D:15)
  2 orcs (D:12)
  A bush (D:11)
  11 fungi
  21 plants
47 creatures vanquished.

Grand Total: 1078 creatures vanquished

Notes
Turn   | Place    | Note
-------+----------+-------------------------------------------
     0 | D:1      | equalderp2856 the Minotaur Fighter began the quest for the Orb.
     0 | D:1      | Reached XP level 1. HP: 19/19 MP: 0/0
     6 | D:1      | You fall through a shaft!
   106 | D:2      | Reached XP level 2. HP: 25/27 MP: 1/1
   118 | D:2      | Found an opulent altar of Gozag.
   183 | D:2      | Found a shadowy altar of Dithmenos.
   241 | D:2      | Reached XP level 3. HP: 32/33 MP: 2/2
   668 | D:2      | Found a deep blue altar of Sif Muna.
   847 | D:1      | Reached skill level 3 in Axes
  1005 | D:1      | Reached XP level 4. HP: 41/41 MP: 3/3
  1591 | D:3      | Noticed Robin
  1603 | D:3      | Killed Robin
  1800 | D:3      | Reached XP level 5. HP: 41/47 MP: 4/4
  1833 | D:3      | Reached skill level 4 in Axes
  2601 | D:4      | Reached skill level 5 in Fighting
  2601 | D:4      | Reached skill level 5 in Shields
  2640 | D:4      | Found a sparkling altar of Nemelex Xobeh.
  2799 | D:4      | Reached XP level 6. HP: 56/56 MP: 5/5
  3025 | D:4      | Reached skill level 5 in Axes
  3210 | D:5      | Entered Level 5 of the Dungeon
  3279 | D:5      | Found a glowing drain.
  3303 | Sewer    | Entered a sewer
  3339 | Sewer    | Reached skill level 5 in Armour
  3394 | Sewer    | Reached XP level 7. HP: 61/61 MP: 6/6
  3471 | Sewer    | Reached skill level 6 in Axes
  4362 | D:5      | Found a glowing silver altar of Zin.
  4514 | D:5      | Reached skill level 1 in Dodging
  4628 | D:5      | Found a sparkling altar of Nemelex Xobeh.
  5085 | D:6      | Reached skill level 7 in Axes
  5196 | D:6      | Noticed SmokeFace's ghost (novice GrFi)
  5400 | D:6      | Reached XP level 8. HP: 70/70 MP: 7/7
  5442 | D:6      | Found a stormy altar of Qazlal.
  5553 | D:7      | Noticed Eustachio
  5582 | D:7      | Killed Eustachio
  5582 | D:7      | Reached skill level 8 in Axes
  5977 | D:7      | Found a staircase to the Ecumenical Temple.
  6141 | D:7      | Reached skill level 9 in Axes
  6141 | D:7      | Reached XP level 9. HP: 79/79 MP: 8/8
  6327 | D:8      | Noticed a two-headed ogre
  6352 | D:8      | Killed a two-headed ogre
  6352 | D:8      | Reached skill level 10 in Axes
  6428 | D:8      | Noticed a polar bear
  6439 | D:8      | Killed a polar bear
  6540 | D:8      | Noticed a polar bear
  6549 | D:8      | Killed a polar bear
  6549 | D:8      | Reached skill level 11 in Axes
  7260 | D:9      | Noticed a troll
  7276 | D:9      | Killed a troll
  7276 | D:9      | Reached XP level 10. HP: 58/88 MP: 9/9
  7419 | D:9      | Noticed a cyclops
  7548 | D:9      | Killed a cyclops
  7905 | D:9      | Reached skill level 1 in Stealth
  7987 | D:9      | Noticed a centaur warrior
  7997 | D:9      | Killed a centaur warrior
  7997 | D:9      | Reached skill level 12 in Axes
  8028 | D:9      | Noticed a wolf spider
  8034 | D:9      | Killed a wolf spider
  8425 | D:10     | Entered Level 10 of the Dungeon
  8727 | D:10     | Noticed a two-headed ogre
  8739 | D:10     | Killed a two-headed ogre
  8739 | D:10     | Reached skill level 10 in Shields
  9218 | D:11     | Reached XP level 11. HP: 97/97 MP: 10/10
  9227 | D:11     | Found a flagged portal.
  9241 | Bailey   | Entered a bailey
  9329 | Bailey   | Noticed p0werm0de's ghost (novice DsFi)
  9561 | Bailey   | Killed p0werm0de's ghost
 10138 | D:11     | Reached skill level 1 in Bows
 10138 | D:11     | Reached skill level 10 in Armour
 10456 | D:11     | Noticed a two-headed ogre
 10511 | D:11     | Killed a two-headed ogre
 10511 | D:11     | Reached skill level 13 in Axes
 10607 | D:11     | Found a staircase to the Lair.
 10687 | D:11     | Found a hide-covered altar of Uskayaw.
 10788 | Lair:1   | Entered Level 1 of the Lair of Beasts
 11055 | Lair:1   | Reached skill level 10 in Fighting
 11241 | Lair:1   | Reached skill level 14 in Axes
 11414 | Lair:1   | Reached XP level 12. HP: 100/107 MP: 11/11
 12980 | Lair:2   | Found a hole to the Spider Nest.
 13761 | Lair:3   | Noticed a death yak
 13762 | Lair:3   | Noticed a death yak
 13762 | Lair:3   | Noticed a death yak
 13764 | Lair:3   | Noticed a death yak
 13764 | Lair:3   | Noticed a death yak
 13766 | Lair:3   | Noticed a death yak
 13786 | Lair:2   | Killed a death yak
 13866 | Lair:3   | Noticed a death yak
 13866 | Lair:3   | Noticed a four-headed hydra
 14095 | Lair:2   | Killed a four-headed hydra
 14277 | Lair:2   | Reached skill level 15 in Axes
 14357 | Lair:3   | Killed a death yak
 14854 | Lair:3   | Killed a death yak
 14854 | Lair:3   | Reached XP level 13. HP: 108/117 MP: 12/12
 16213 | Lair:4   | Found a staircase to the Swamp.
 16858 | Lair:4   | Noticed Snorg
 16867 | Lair:4   | Killed Snorg
 17240 | Lair:4   | Reached skill level 16 in Axes
 17555 | Lair:5   | Reached skill level 5 in Dodging
 19029 | Lair:5   | Reached skill level 1 in Polearms
 19370 | Lair:6   | Entered Level 6 of the Lair of Beasts
 19459 | Lair:6   | Found a staircase to the Slime Pits.
 19459 | Lair:6   | Found a viscous altar of Jiyva.
 19734 | Lair:6   | Reached XP level 14. HP: 127/129 MP: 13/13
 21063 | Lair:4   | Reached skill level 15 in Shields
 21063 | Lair:4   | Reached skill level 1 in Evocations
 22374 | D:11     | Got a dazzling mace
 22407 | D:11     | Found Voutwir's Food Shop.
 22573 | D:11     | Found a staircase to the Orcish Mines.
 22715 | Orc:1    | Entered Level 1 of the Orcish Mines
 22871 | Orc:1    | Found a roughly hewn altar of Beogh.
 22894 | Orc:1    | Noticed Frank's ghost (journeyman OpMo)
 23711 | D:12     | Found Eddamoq's Armour Emporium.
 25125 | D:12     | Reached skill level 17 in Axes
 26277 | D:13     | Found a gate to the Vaults.
 26561 | D:13     | Reached XP level 15. HP: 136/139 MP: 14/14
 28516 | Orc:1    | Killed Frank's ghost
 28891 | Orc:2    | Entered Level 2 of the Orcish Mines
 28901 | Orc:2    | Found a staircase to the Elven Halls.
 29302 | Orc:2    | Found a roughly hewn altar of Beogh.
 29440 | Orc:2    | Noticed Erolcha
 29446 | Orc:2    | Paralysed by Erolcha for 3 turns
 29451 | Orc:2    | Killed Erolcha
 29451 | Orc:2    | Reached skill level 15 in Fighting
 29516 | Orc:1    | Found Nag Soe's Book Boutique.
 29662 | Orc:2    | Found a roughly hewn altar of Beogh.
 29845 | Orc:2    | Found Syafuc's Gadget Emporium.
 30325 | Orc:2    | Found Veipuas's Armour Emporium.
 31157 | Orc:2    | Found Mozaduq's Distillery.
 31157 | Orc:2    | Found Celiw's Armour Boutique.
 31453 | Orc:1    | Noticed Wacky444's ghost (journeyman MiAK)
 31473 | Orc:1    | Killed Wacky444's ghost
 32442 | D:14     | Reached skill level 1 in Spellcasting
 32576 | D:15     | Entered Level 15 of the Dungeon
 32603 | D:15     | Noticed Kirke
 32715 | D:14     | Killed Kirke
 33611 | D:15     | Reached skill level 18 in Axes
 33614 | D:15     | Found a staircase to the Depths.
 34000 | D:14     | Reached XP level 16. HP: 59/149 MP: 18/18
 34390 | Lair:1   | Identified the +2 mace of Peace {drain, Str+6 Stlth+} (You found it on level 11 of the Dungeon)
 35376 | Orc:1    | Paralysed by an orc sorcerer for 7 turns
 35935 | Lair:1   | Learned a level 2 spell: Blink
 35938 | Lair:1   | Learned a level 2 spell: Slow
 35942 | Lair:1   | Learned a level 1 spell: Confusing Touch
 35953 | Lair:1   | Learned a level 2 spell: Shroud of Golubria
 35955 | Lair:1   | Learned a level 1 spell: Corona
 35959 | Lair:1   | Learned a level 3 spell: Confuse
 37769 | Lair:1   | Identified the Papyrus of Mutagenic Arcane Weapons
 39549 | Lair:2   | Reached skill level 1 in Translocations
 39650 | Lair:1   | Reached skill level 1 in Charms
 39971 | Spider:1 | Entered Level 1 of the Spider Nest
 40172 | Spider:1 | Noticed Agnes
 40183 | Spider:1 | Killed Agnes
 41662 | Lair:2   | Reached skill level 1 in Hexes
 45192 | D:6      | Killed SmokeFace's ghost
 49466 | Spider:3 | Paralysed by a hornet for 2 turns
 50674 | Spider:4 | Entered Level 4 of the Spider Nest
 51250 | Spider:4 | Found a frozen archway.
 51251 | Spider:4 | Noticed Arachne
 51260 | Spider:4 | HP: 4/151 [Arachne/staff of poison (5)]
 51260 | Spider:4 | Mangled by a jumping spider

Skill      XL: |  1  2  3  4  5  6  7  8  9 10 11 12 13 14 15 16 |
---------------+-------------------------------------------------+-----
Fighting       | 4 5 7 9 10 11 13 14 15 16 | 16.2
Armour         | 4 5 6 7 8 9 10 11 12 13 14 | 14.0
Shields        | 4 5 6 7 8 10 11 13 14 15 17 | 17.4
Axes           | 3 4 5 7 9 11 12 14 15 16 17 18 | 18.3
Dodging        | 1 2 4 5 7 8 |  8.9
Stealth        | 1 2 3 |  3.1
Bows           | 1 3 |  3.0
Polearms       | 1 |  1.0
Evocations     | 1 |  1.1
Spellcasting   | 2 3 |  3.5
Translocations | 2 |  2.7
Charms         | 2 |  2.5
Hexes          | 2 |  2.7

Action                   |  1- 3 |  4- 6 |  7- 9 | 10-12 | 13-15 | 16-18 || total
-------------------------+-------+-------+-------+-------+-------+-------++-------
Melee: War axe           |    70 |   187 |   335 |   821 |  1684 |   698 ||  3795
       Headbutt          |     8 |    40 |    59 |   180 |   519 |   238 ||  1044
       Trident           |       |       |       |     8 |    15 |       ||    23
       Battleaxe         |       |       |       |       |       |    39 ||    39
 Fire: Shortbow          |       |       |       |    35 |       |    97 ||   132
Throw: Stone             |       |       |       |     2 |       |       ||     2
 Cast: Corona            |       |       |       |       |       |     1 ||     1
Evoke: Wand              |       |       |       |     5 |     3 |     2 ||    10
  Use: Scroll            |       |       |     7 |     3 |    14 |     9 ||    33
       Potion            |       |       |     1 |     1 |    15 |    12 ||    29
  Eat: Chunk             |       |     8 |    12 |    20 |    52 |    23 ||   115
       Meat ration       |       |       |     2 |       |       |     3 ||     5
       Royal jelly       |       |       |     1 |     2 |       |     6 ||     9
       Fruit             |       |       |     1 |     7 |    12 |     4 ||    24
Armor: Scale mail        |    12 |       |       |    79 |   313 |     2 ||   406
       Plate armour      |    37 |   137 |   219 |   206 |       |     7 ||   606
       Chain mail        |       |       |       |       |       |   441 ||   441
       Leather armour    |       |       |       |       |       |    12 ||    12
Dodge: Dodged            |    12 |    39 |    82 |   341 |   740 |   511 ||  1725
Block: Shield            |    37 |   134 |   209 |   635 |  1079 |   357 ||  2451
